 Dungeon Crawl Stone Soup version 0.20-a0-1006-ge6c5631 (webtiles) character file.

176 FastMan the Shield-Bearer (level 5, 46/46 HPs)
             Began as a Formicid Fighter on Apr 14, 2017.
             Was a Follower of Trog.
             Quit the game on level 3 of the Dungeon.
             The game lasted 00:01:44 (1979 turns).

FastMan the Shield-Bearer (Formicid Fighter)        Turns: 1979, Time: 00:01:45

Health: 46/46      AC: 11    Str: 18    XL:     5   Next: 86%
Magic:  5/5        EV:  8    Int:  8    God:    Trog [*.....]
Gold:   117        SH:  9    Dex: 11    Spells: 4/4 levels left

rFire    + . .     SeeInvis +   a - +0 war axe
rCold    . . .     Gourm    .   c - +0 shield
rNeg     . . .     Faith    .   d - +2 scale mail {MR+}
rPois    .         Spirit   .   (helmet unavailable)
rElec    .         Reflect  .   (no cloak)
rCorr    .         Harm     .   (no gloves)
MR       +....                  (no boots)
Stlth    ..........             (no amulet)
Regen    0.2/turn               m - ring of protection from fire
MPRegen  0.1/turn               (no ring)

@: no status effects
A: permanent stasis, dig shafts and tunnels, four strong arms, antennae 3, icy
blue scales 1, robust 1, weak 1
a: Dig, Shaft Self, Burn Spellbooks, Renounce Religion


You were on level 3 of the Dungeon.
You worshipped Trog.
Trog was aware of your devotion.
You were not hungry.

You visited 1 branch of the dungeon, and saw 3 of its levels.

You collected 117 gold pieces.

Inventory:

Hand Weapons
 a - a +0 war axe (weapon)
Armour
 b - a +0 pair of boots
 c - a +0 shield (worn)
 d - a +2 scale mail of magic resistance (worn)
Jewellery
 e - an uncursed ring of positive energy {unknown}
 i - an uncursed ring of resist corrosion {unknown}
 m - a ring of protection from fire (left hand)
Scrolls
 h - 3 scrolls of identify {unknown}
 j - a scroll of magic mapping
 k - a scroll of remove curse {unknown}
Comestibles
 f - a bread ration {@e1}
 g - 4 chunks of flesh
 o - 3 meat rations {@e2}
 p - a royal jelly {@e3}


   Skills:
 + Level 4.2 Fighting
 * Level 3.8 Axes
 + Level 4.0 Armour
 + Level 4.6 Shields


You had 4 spell levels left.
You didn't know any spells.

Dungeon Overview and Level Annotations

Branches:
Dungeon (3/15)

Altars:
Trog
Uskayaw


Innate Abilities, Weirdness & Mutations

You cannot be hasted, slowed, berserked, paralysed or teleported.
You can dig through walls and to a lower floor.
Your four strong arms can wield two-handed weapons with a shield.
You have a pair of large antennae on your head. (SInv)
You are partially covered in icy blue scales. (AC +2)
You are robust. (+10% HP)
You are weak. (Str -2)


Message History

You enter the shallow water.
Moving in this stuff is going to be slow.
You enter the shallow water.
Moving in this stuff is going to be slow.
There is a faded altar of an unknown god here.
Unknown command.
Press < or > to pray at altars.
You cannot tell which god this altar belongs to.
Convert to them anyway?
Okay, then.
You cannot tell which god this altar belongs to.
Convert to them anyway?
Trog accepts your prayer! Trog welcomes you!
You can now call upon Trog to burn spellbooks in your surroundings.
Unknown command.
Press < or > to pray at altars.
Unknown command.
Press < or > to pray at altars.
Unknown command.
Press < or > to pray at altars.
Are you sure you want to abandon this character and quit the game? (Confirm with "yes".)

#.# ####.....###.#
#.####..(...#####.##
#(..≈....≈...≈.##..#
##≈≈....≈..≈..≈###.####
#≈≈≈≈≈≈≈≈≈≈)).# #....#
#..≈≈≈≈≈≈≈≈≈.≈# ####.#
#.≈≈≈≈≈≈≈≈≈≈≈≈# #.#
#..≈≈≈...≈≈≈..# #.###
#.≈≈≈≈♣@≈≈≈≈..# #....
#.≈≈≈≈..≈≈≈≈..# #####
#.≈≈≈≈≈≈≈≈≈≈.≈#
#.≈≈≈≈≈≈≈≈≈≈..#
#.≈≈≈≈≈≈≈≈≈≈..#
#≈...≈.≈.≈≈≈≈≈#
#≈.....≈..≈..≈#
###############


There were no monsters in sight!

Vanquished Creatures
  An orc priest (D:3)
  Jessica (D:3)
  Terence (D:3)
  4 adders
  A dart slug (D:3)
  2 leopard geckos
  4 orcs (D:3)
  9 giant cockroaches
  5 hobgoblins
  4 kobolds
  2 bats (D:1)
  3 frilled lizards
  8 goblins
  10 rats
55 creatures vanquished.

Notes
Turn   | Place    | Note
-------+----------+-------------------------------------------
     0 | D:1      | FastMan the Formicid Fighter began the quest for the Orb.
     0 | D:1      | Reached XP level 1. HP: 18/18 MP: 1/1
   149 | D:1      | Reached XP level 2. HP: 19/24 MP: 2/2
   564 | D:2      | Reached XP level 3. HP: 25/29 MP: 3/3
   671 | D:2      | Found a hide-covered altar of Uskayaw.
   972 | D:3      | Noticed Terence
   982 | D:3      | Reached XP level 4. HP: 12/36 MP: 4/4
   987 | D:3      | Killed Terence
   994 | D:2      | Gained mutation: You are weak. (Str -2) [potion of mutation]
   994 | D:2      | Gained mutation: You are robust. (+10% HP) [potion of mutation]
   994 | D:2      | Gained mutation: You are partially covered in icy blue scales. (AC +2) [potion of mutation]
  1349 | D:3      | Reached XP level 5. HP: 46/46 MP: 5/5
  1399 | D:3      | Found a faded altar of an unknown god.
  1443 | D:3      | Noticed Jessica
  1462 | D:3      | Killed Jessica
  1978 | D:3      | Became a worshipper of Trog the Wrathful
  1978 | D:3      | Reached * piety under Trog
  1979 | D:3      | Quit the game

Vault maps used:
D:1:      dpeg_arrival_pits
D:2:      grunt_temple_overflow_open
D:3:      chequers_ecumenical_altar_island, uniq_jessica, uniq_terence

Skill      XL: |  1  2  3  4  5 |
---------------+----------------+-----
Shields        | 4 |  4.6
Axes           | 3 |  3.8
Fighting       | 4 |  4.2
Armour         | 4 |  4.0

Action                   |  1- 3 |  4- 6 || total
-------------------------+-------+-------++-------
Melee: War axe           |    89 |    76 ||   165
  Use: Potion            |     1 |     2 ||     3
       Scroll            |       |     5 ||     5
  Eat: Chunk             |       |     4 ||     4
Armor: Scale mail        |    35 |    24 ||    59
Dodge: Dodged            |    36 |    19 ||    55
Block: Shield            |    55 |    32 ||    87
